[Event "*** Titled Tuesday Blitz"]
[Site "Chess.com"]
[Date "2020.04.21"]
[Round "7"]
[White "WeAintSurePal"]
[Black "DonPreuss"]
[Result "1-0"]
[WhiteElo "2362"]
[BlackElo "2213"]
[TimeControl "180+1"]
[EndTime "11:21:25 PDT"]
[Termination "WeAintSurePal won by resignation"]

1. d4 Nc6 2. d5 Ne5 3. Nf3 Ng6 4. Nc3 e5 5. h4 h5 6. Bg5 Be7 7. e3 d6 8. Bxe7 N8xe7 9. Bd3 Bg4 10. Qd2 Bxf3 11. gxf3 Qd7 12. O-O-O O-O-O 13. Rdg1 Rh6 14. Rg5 f6 15. Rgg1 f5 16. Rg5 Rf8 17. Bb5 c6 18. dxc6 bxc6 19. Ba6+ Kb8 20. Na4 Ka8 21. Nc5 Qc7 22.
Bb7+ Kb8 23. Na6+ Kxb7 24. Nxc7 Kxc7 25. Rd1 d5 26. Qa5+ Kd6 27. Qxa7 Rhh8 28. Qa3+ Ke6 29.
c4 Ra8 30. Qc5 Rhc8 31. Kb1 Kf6 32. Rdg1 Rd8 33. cxd5 Rxd5 34. Rxg6+ Kf7 35. Rxg7+ 1-0

[Event "*** Titled Tuesday Blitz"]
[Site "Chess.com"]
[Date "2020.04.21"]
[Round "7"]
[White "flomarechot"]
[Black "PowerThinking2650"]
[Result "0-1"]
[WhiteElo "2109"]
[BlackElo "2276"]
[TimeControl "180+1"]
[EndTime "11:21:25 PDT"]
[Termination "PowerThinking2650 won by resignation"]

1. Nf3 Nf6 2. d4 g6 3. c4 Bg7 4. Nc3 O-O 5. g3 d6 6. Bg2 Nbd7 7. O-O e5 8. e4 exd4 9. Nxd4 Re8 10. Qc2 Nc5 11. Rd1 Ng4 12. h3 Ne5 13. b3 a5 14.
Ndb5 Bd7 15. Bb2 Bc6 16. f4 Ned7 17. Rd2 h5 18. Rad1 h4 19. g4 g5 20. f5 Bxb5 21. Nxb5 Be5 22. Bxe5 Nxe5 23. a3 b6 24. b4 axb4 25.
axb4 Ncd7 26. c5 bxc5 27. bxc5 Nxc5 28. Nd4 Ra3 29. Qb2 Rg3 30. Kh1 Qe7 31. Qb5 Ra8 32. Nc6 Nxc6 33. Qxc6 Raa3 34. Qd5 Rxh3+ 35. Bxh3 Rxh3+ 36. Kg2 Rg3+ 37. Kh2 Qxe4 38. Qxe4 Nxe4 39. Rd4 Nf6 40.
R1d3 Nxg4+ 41. Rxg4 Rxg4 42. Rc3 c5 43. Rd3 Rd4 44. Re3 Kg7 45. Kh3 Kf6 46. Rf3 g4+ 0-1

[Event "*** Titled Tuesday Blitz"]
[Site "Chess.com"]
[Date "2020.04.21"]
[Round "7"]
[White "BrizuelaReivis"]
[Black "boasovietica"]
[Result "0-1"]
[WhiteElo "2263"]
[BlackElo "2448"]
[TimeControl "180+1"]
[EndTime "11:21:26 PDT"]
[Termination "boasovietica won by resignation"]

1. d4 Nf6 2. c4 g6 3. Nc3 Bg7 4. e4 O-O 5. Nf3 d6 6. Be2 Bg4 7. Nd2 Bxe2 8. Qxe2 Nfd7 9. Nf3 c5 10. Be3 Nc6 11. Rd1 cxd4 12. Nxd4 Rc8 13. O-O a6 14. Nd5 Nce5 15. b3 e6 16. Nc3 b5 17. f4 Nc6 18.
Ndxb5 axb5 19. Nxb5 d5 20. exd5 exd5 21. Rxd5 Qe7 22.
Qf3 Rfe8 23. Bf2 Nf6 24. Rd2 Ne4 25. Re2 f5 26. Rd1 Red8 27. Ree1 Rxd1 28. Rxd1 Rd8 29.
Qe2 Nxf2 30. Kxf2 Qc5+ 31. Qe3 0-1

[Event "*** Titled Tuesday Blitz"]
[Site "Chess.com"]
[Date "2020.04.21"]
[Round "7"]
[White "Sanyura"]
[Black "DaggiGretarsson"]
[Result "1-0"]
[WhiteElo "2441"]
[BlackElo "2582"]
[TimeControl "180+1"]
[EndTime "11:21:27 PDT"]
[Termination "Sanyura won on time"]

1. e4 g6 2. d4 Bg7 3. Nf3 d6 4. Bd3 Nf6 5. c3 O-O 6. O-O Nc6 7.
Nbd2 e5 8. h3 exd4 9. cxd4 Nd7 10. Nb3 a5 11. a4 Nb4 12. Bb1 c5 13. Bg5 Qc7 14. Bf4 Rd8 15. dxc5 Nxc5 16. Nbd4 Bd7 17. Ra3 Qb6 18. Bg5 Re8 19. Be3 Qa6 20. Nd2 Ncd3 21. Bxd3 Nxd3 22. Qc2 Nb4 23. Qc7 Red8 24. Qc4 Rac8 25. Qxa6 Nxa6 26. Nb5 Be6 27. Rd3 Bxb2 28. Rxd6 Be5 29. Rxd8+ Rxd8 30. f4 Bg7 31. e5 Bf8 32. Ne4 Bb4 33. Bb6 Rd3 34. Rc1 h6 35. Kf2 Kg7 36.
Nbd6 Rb3 37. Ne8+ Kf8 38. Rd1 1-0

[Event "*** Titled Tuesday Blitz"]
[Site "Chess.com"]
[Date "2020.04.21"]
[Round "7"]
[White "starworld123"]
[Black "letsgoband"]
[Result "1-0"]
[WhiteElo "2637"]
[BlackElo "2470"]
[TimeControl "180+1"]
[EndTime "11:21:28 PDT"]
[Termination "starworld123 won by resignation"]

1. e4 e5 2. Nf3 Nc6 3. d4 exd4 4. Nxd4 Bb4+ 5. c3 Bc5 6. Be3 Bb6 7. Bc4 d6 8. O-O Nf6 9. Nxc6 bxc6 10. Bxb6 axb6 11. e5 dxe5 12. Qxd8+ Kxd8 13. Bxf7 Ke7 14. Bb3 Be6 15.
Nd2 Rhd8 16. Nf3 Bxb3 17. axb3 Ke6 18. Rfe1 Rxa1 19. Rxa1 c5 20. g3 e4 21. Ng5+ Kf5 22. h4 Rd2 23. Ra7 e3 24. fxe3 Kg4 25. Rxc7 Kxg3 26. Kf1 Rxb2 27. Rxg7 Nd5 28. h5 Nxe3+ 29. Ke1 h6 30. Ne4+ Kf4 31. Nd2 Nf5 32. Rg6 b5 33. Rc6 c4 34. bxc4 bxc4 35. Rxc4+ Ke3 36. Rc5 Ng3 37.
Nc4+ Kd3 38. Nxb2+ 1-0

[Event "*** Titled Tuesday Blitz"]
[Site "Chess.com"]
[Date "2020.04.21"]
[Round "7"]
[White "crossingthestreet"]
[Black "Budisavljevic"]
[Result "0-1"]
[WhiteElo "2255"]
[BlackElo "2426"]
[TimeControl "180+1"]
[EndTime "11:21:28 PDT"]
[Termination "Budisavljevic won by resignation"]

1. c4 e6 2. Nc3 Nf6 3. Nf3 c5 4. e3 d5 5. d4 a6 6. Bd3 dxc4 7. Bxc4 b5 8. Be2 Bb7 9. O-O Nbd7 10. a4 b4 11. Nb1 Qc7 12. Nbd2 Bd6 13. h3 O-O 14. Nc4 Be7 15. b3 Rfd8 16. Bb2 Ne4 17. Bd3 Ndf6 18. Qe2 Rac8 19. Rac1 Qb8 20. Rfd1 Bd5 21. Nfe5 Qb7 22.
f3 Nc3 23. Bxc3 bxc3 24. Rxc3 cxd4 25. exd4 Qb4 26. Qe1 Bb7 27. Bf1 Rxd4 28. Rxd4 Bc5 29. Qe3 Nd5 30. Qf2 Qxc3 0-1

[Event "*** Titled Tuesday Blitz"]
[Site "Chess.com"]
[Date "2020.04.21"]
[Round "7"]
[White "Tayson_7"]
[Black "gena217"]
[Result "0-1"]
[WhiteElo "2718"]
[BlackElo "2902"]
[TimeControl "180+1"]
[EndTime "11:21:30 PDT"]
[Termination "gena217 won by resignation"]

1. d4 Nf6 2. Nf3 d5 3. Bg5 Ne4 4. Bf4 c5 5. e3 Nc6 6. c3 Bf5 7.
Nbd2 e6 8. Bb5 Qb6 9. Qa4 Be7 10. Ne5 Nxd2 11. Nxc6 bxc6 12. Bxc6+ Kf8 13. Bxa8 Qxb2 14. Rd1 Nc4 15. O-O g5 16. Bg3 h5 17. Qd7 cxd4 18.
Rxd4 Qxc3 19. Qxa7 h4 20. Bc7 h3 21. g3 Nd2 22. Rxd2 Qxd2 23. Be5 f6 24. Bd4 Qe2 25. Qb8+ Kg7 26. Qc7 Re8 27. g4 Qxg4+ 28. Qg3 Qxg3+ 0-1

[Event "*** Titled Tuesday Blitz"]
[Site "Chess.com"]
[Date "2020.04.21"]
[Round "7"]
[White "zurzan"]
[Black "gurelediz"]
[Result "1-0"]
[WhiteElo "2034"]
[BlackElo "2571"]
[TimeControl "180+1"]
[EndTime "11:21:30 PDT"]
[Termination "zurzan won by resignation"]

1. f4 e5 2. fxe5 d6 3. exd6 Bxd6 4. Nf3 g5 5. g3 g4 6. Nh4 Nf6 7. Nc3 Nh5 8. Rg1 f5 9. d4 f4 10. Ne4 fxg3 11. Nxd6+ Qxd6 12. hxg3 Nxg3 13. Qd3 Nh5 14. Qb5+ Nc6 15. Qxh5+ Kd8 16. Bg5+ Ne7 17. O-O-O Bd7 18.
e4 Rg8 19. Bxe7+ Qxe7 20. Qd5 Rf8 21. Qxb7 Rc8 22. Nf5 Qg5+ 23. Kb1 Rxf5 24. exf5 Bxf5 25. Bb5 Bg6 26. Qc6 Qf5 27. Rdf1 Qxc2+ 28. Qxc2 1-0

[Event "*** Titled Tuesday Blitz"]
[Site "Chess.com"]
[Date "2020.04.21"]
[Round "7"]
[White "DanielDardha2005"]
[Black "dalmatinac101"]
[Result "0-1"]
[WhiteElo "2596"]
[BlackElo "2816"]
[TimeControl "180+1"]
[EndTime "11:21:31 PDT"]
[Termination "dalmatinac101 won by resignation"]

1. Nf3 Nf6 2. c4 g6 3. Nc3 Bg7 4. e4 d6 5. d4 O-O 6. Be2 e5 7. d5 a5 8. Bg5 Na6 9. Nd2 Bd7 10. O-O Qe8 11. b3 h5 12. a3 Nh7 13. Be3 h4 14. h3 f5 15. f3 Nf6 16. Bg5 Nh5 17. Bxh4 Bh6 18. Bf2 Qe7 19. Re1 Nc5 20. Nf1 Nf4 21.
Kh2 Qg5 22. Ng3 Nxg2 23. Rg1 Ne3 24. Qb1 Qh4 25. exf5 Bxf5 26. Nxf5 Qxf2+ 27. Kh1 Nxf5 28. b4 axb4 29. axb4 Rxa1 30. Qxa1 Ng3+ 31. Rxg3 Qxg3 32. bxc5 Qxh3+ 0-1

[Event "*** Titled Tuesday Blitz"]
[Site "Chess.com"]
[Date "2020.04.21"]
[Round "7"]
[White "Anurag328"]
[Black "abhijeetgupta1016"]
[Result "0-1"]
[WhiteElo "2717"]
[BlackElo "2912"]
[TimeControl "180+1"]
[EndTime "11:21:31 PDT"]
[Termination "abhijeetgupta1016 won by resignation"]

1. c4 Nf6 2. g3 c6 3. Bg2 d5 4. Nf3 g6 5. b3 Bg7 6. Bb2 O-O 7.
O-O a5 8. cxd5 cxd5 9. Nc3 Nc6 10. Rc1 e5 11. Na4 Re8 12. d4 e4 13. Ne5 Nxe5 14.
dxe5 Ng4 15. Rc5 Be6 16. Rb5 Qd7 17. Rc5 Ra6 18. Qd2 b6 19. Rc2 Nxe5 20. Bd4 Qb5 21. Rfc1 h5 22. Rc7 Qb4 23. Qf4 Qxd4 24. Nc3 Ng4 25. Nb5 Qe5 26. Qd2 e3 27. fxe3 Bh6 0-1

[Event "*** Titled Tuesday Blitz"]
[Site "Chess.com"]
[Date "2020.04.21"]
[Round "7"]
[White "canhhuan"]
[Black "krasavetc"]
[Result "0-1"]
[WhiteElo "2648"]
[BlackElo "2498"]
[TimeControl "180+1"]
[EndTime "11:21:31 PDT"]
[Termination "krasavetc won by checkmate"]

1. e4 c5 2. Nc3 d6 3. g3 Nf6 4. Bg2 e6 5. d3 Be7 6. f4 O-O 7. Nf3 Nc6 8. O-O d5 9. e5 Ne8 10. d4 cxd4 11. Ne2 Bd7 12. Nexd4 Rc8 13. c3 a6 14. Be3 Na5 15. Bf2 Nc7 16. h4 Nb5 17. Re1 Nc4 18. Qe2 Nxd4 19. Nxd4 b5 20. Rad1 b4 21. b3 Na3 22. cxb4 Bxb4 23. Rf1 Nb5 24. Qg4 Nxd4 25. Bxd4 Qa5 26. h5 h6 27. Rf2 Bc5 28. Bf1 Bxd4 29. Rxd4 Rc1 30. Kg2 Rfc8 31. Bd3 Qc5 32.
f5 exf5 33. Bxf5 Bxf5 34. Rxf5 Rc2+ 35. Kh3 Rxa2 36. Rf1 Qc2 37. Rdd1 Qh2# 0-1

[Event "*** Titled Tuesday Blitz"]
[Site "Chess.com"]
[Date "2020.04.21"]
[Round "7"]
[White "Sharpchess22"]
[Black "AlexOstrovskiy"]
[Result "1-0"]
[WhiteElo "2758"]
[BlackElo "2506"]
[TimeControl "180+1"]
[EndTime "11:21:32 PDT"]
[Termination "Sharpchess22 won on time"]

1. d4 e6 2. e4 d5 3. Nc3 Bb4 4. exd5 exd5 5. Bd3 c6 6. Qf3 Nf6 7. h3 O-O 8. Ne2 Re8 9. O-O Nbd7 10. Bg5 Be7 11.
Ng3 h6 12. Be3 Nf8 13. Nf5 Bxf5 14. Bxf5 Bd6 15. a3 a5 16. Rfe1 Qc7 17. g3 Ne6 18.
h4 b5 19. Ne2 Re7 20. Bd3 Nd7 21.
Qg4 Nf6 22. Qf5 Nf8 23. Bxh6 Ne4 24. Bf4 g6 25. Bxd6 Qxd6 26. Qf4 Qd7 27. f3 Nd6 28. Nc3 Rae8 29. Rxe7 Rxe7 30. b3 Ne6 31. Qg4 Qa7 32.
Ne2 c5 33. dxc5 Qxc5+ 34. Kf1 Qe3 35. Rd1 Kg7 36. h5 g5 37. h6+ 1-0

[Event "*** Titled Tuesday Blitz"]
[Site "Chess.com"]
[Date "2020.04.21"]
[Round "7"]
[White "Trankuilizer"]
[Black "Zubrrr"]
[Result "0-1"]
[WhiteElo "2509"]
[BlackElo "2671"]
[TimeControl "180+1"]
[EndTime "11:21:32 PDT"]
[Termination "Zubrrr won by resignation"]

1. e4 c5 2. c3 d5 3. exd5 Qxd5 4. d4 g6 5. Nf3 Bg7 6. Be3 Nf6 7. Na3 cxd4 8. Bc4 Qa5 9. Nxd4 O-O 10. O-O a6 11.
Qf3 Nbd7 12. Bb3 Ne5 13. Qe2 Neg4 14. Bd2 Qc7 15. Nf3 e5 16. h3 e4 17. hxg4 Bxg4 18.
Nc4 Rfe8 19. Be3 exf3 20. gxf3 Be6 21. Rfe1 Nd5 22. Rad1 Rad8 23. Bc1 Nf4 24. Rxd8 Nxe2+ 25. Rxe2 Rxd8 0-1

[Event "*** Titled Tuesday Blitz"]
[Site "Chess.com"]
[Date "2020.04.21"]
[Round "7"]
[White "sergeikim"]
[Black "ChessicallyInclined"]
[Result "1-0"]
[WhiteElo "2437"]
[BlackElo "2578"]
[TimeControl "180+1"]
[EndTime "11:21:32 PDT"]
[Termination "sergeikim won by resignation"]

1. d4 Nf6 2. c4 e6 3. Nc3 Bb4 4. Qc2 d5 5. a3 Bxc3+ 6. Qxc3 O-O 7. Nf3 dxc4 8. Qxc4 b6 9. g3 Bb7 10. Bg2 Nbd7 11.
O-O c5 12. Rd1 Rc8 13. Bg5 h6 14. Bxf6 Qxf6 15. Qa4 Bc6 16. Qxa7 cxd4 17. Nxd4 Bxg2 18.
Kxg2 Rfd8 19. e3 e5 20. Nf3 Qc6 21. Rac1 Qxc1 22. Rxc1 Rxc1 23. Qb7 Rc2 24. b4 Kf8 25. h4 Ke8 26. Qe4 Rc1 27. Nxe5 Nxe5 28. Qxe5+ Kf8 29.
Qe4 g6 30. Qe5 Kg8 31. Qf6 Rd3 32. Qxb6 Rxa3 33. b5 Rb3 34. e4 Rcb1 35. Qd8+ Kg7 36. e5 Rxb5 37. Qf6+ Kg8 38. e6 Rb7 39. exf7+ Kf8 40.
Qxg6 R1b6 41. Qg8+ Ke7 42. f8=Q+ 1-0

[Event "*** Titled Tuesday Blitz"]
[Site "Chess.com"]
[Date "2020.04.21"]
[Round "7"]
[White "colegiodemadrid"]
[Black "CMS13"]
[Result "1-0"]
[WhiteElo "2299"]
[BlackElo "2126"]
[TimeControl "180+1"]
[EndTime "11:21:32 PDT"]
[Termination "colegiodemadrid won on time"]

1. e4 e5 2. Nf3 Nc6 3. Bb5 Bc5 4. Nxe5 Qg5 5. Ng4 Nh6 6. d4 Bb4+ 7. c3 Qxb5 8. Bxh6 Be7 9. Bc1 d5 10. e5 O-O 11. a4 Qa6 12. Ne3 Be6 13. f4 f6 14. Qe2 Qb6 15. O-O fxe5 16. fxe5 Rxf1+ 17. Qxf1 Rf8 18. Qe2 Bg5 19. Na3 a6 20. Nxd5 Bxd5 21.
Bxg5 Nxd4 22. cxd4 Qxd4+ 23. Be3 Qxe5 24. Re1 Qf5 25. Rf1 1-0

[Event "*** Titled Tuesday Blitz"]
[Site "Chess.com"]
[Date "2020.04.21"]
[Round "7"]
[White "DACF2905"]
[Black "Grieve72"]
[Result "1-0"]
[WhiteElo "2172"]
[BlackElo "2326"]
[TimeControl "180+1"]
[EndTime "11:21:33 PDT"]
[Termination "DACF2905 won on time"]

1. e4 c5 2. Nf3 e6 3. d4 cxd4 4. Nxd4 Nc6 5. c4 Nf6 6. Nc3 Bb4 7. Qd3 Ne5 8. Qg3 Nxe4 9. Qxe5 Nxc3 10. Bd2 O-O 11.
bxc3 Ba3 12. Qg3 Kh8 13. Bd3 h6 14. O-O b6 15. Be4 d5 16. cxd5 exd5 17. Bc2 Ba6 18. Rfe1 Qf6 19. Qf3 Qxf3 20. Nxf3 Rac8 21. Bb3 Rfd8 22.
Ne5 Rc7 23. h3 Kg8 24. Rad1 d4 25. cxd4 Rxd4 26. Be3 Rxd1 27. Rxd1 Be7 28. Nxf7 Kh7 29. Nd8 Bb5 30. Ne6 Rc3 31. Bd4 Rc6 32. Nxg7 Bf6 33.
Bxf6 Rxf6 34. Ne6 a5 35. Nd4 Be8 36. Nf3 Bc6 37. Bd5 Bb5 38. Be4+ Kg7 39. Nd4 Bc4 40. a3 Kf8 41. Nf5 1-0

[Event "*** Titled Tuesday Blitz"]
[Site "Chess.com"]
[Date "2020.04.21"]
[Round "7"]
[White "viktorskliarov"]
[Black "Tapuah"]
[Result "0-1"]
[WhiteElo "2677"]
[BlackElo "2850"]
[TimeControl "180+1"]
[EndTime "11:21:34 PDT"]
[Termination "Tapuah won on time"]

1. e4 c5 2. Nf3 e6 3. c3 Nf6 4.
Bd3 Nc6 5. Bc2 c4 6. b3 d5 7. exd5 cxb3 8. axb3 Nxd5 9. O-O Bd6 10. d4 O-O 11. c4 Ndb4 12. Bxh7+ Kxh7 13. Ng5+ Kg6 14.
Nc3 Nxd4 15. Nce4 Rh8 16. h3 f5 17. Nxd6 Qxd6 18. c5 Qd5 19. Be3 Nbc6 20. f4 Bd7 21.
Ra4 Nxb3 22. Qe1 Ncd4 23. Bxd4 Nxd4 24. Ra3 Bc6 25. Rg3 Kf6 0-1

[Event "*** Titled Tuesday Blitz"]
[Site "Chess.com"]
[Date "2020.04.21"]
[Round "7"]
[White "GM_DarwinLaylo"]
[Black "stasiek18"]
[Result "1-0"]
[WhiteElo "2583"]
[BlackElo "2412"]
[TimeControl "180+1"]
[EndTime "11:21:34 PDT"]
[Termination "GM_DarwinLaylo won on time"]

1. c4 e6 2. Nf3 Nf6 3. d4 d5 4.
Nc3 Bb4 5. Qa4+ Nc6 6. e3 O-O 7.
Bd2 a6 8. Qc2 Bd6 9. a3 dxc4 10.
Bxc4 e5 11. d5 Ne7 12. h3 Bd7 13. g4 Rc8 14. g5 Nh5 15. Bd3 g6 16. O-O-O c6 17.
dxc6 Bxc6 18. Be4 Qa5 19. Kb1 Qc7 20. Bxc6 Qxc6 21. Qe4 Rfd8 22. Qxc6 Nxc6 23. Ne4 Be7 24. Bc3 Re8 25. Rd7 b5 26. Nd6 Bxd6 27. Rxd6 a5 28.
Rc1 e4 29. Nd4 1-0

[Event "*** Titled Tuesday Blitz"]
[Site "Chess.com"]
[Date "2020.04.21"]
[Round "7"]
[White "Bajecny"]
[Black "NastaJ"]
[Result "1-0"]
[WhiteElo "2371"]
[BlackElo "1912"]
[TimeControl "180+1"]
[EndTime "11:21:34 PDT"]
[Termination "Bajecny won by checkmate"]

1. d4 Nf6 2. Nf3 e6 3. c4 b6 4. a3 Bb7 5. Nc3 d5 6. cxd5 exd5 7. Qc2 Bd6 8. g3 O-O 9. Bg2 Nbd7 10. O-O c5 11. Bf4 Bxf4 12. gxf4 c4 13. Ne5 Re8 14. b3 Rc8 15. bxc4 Nxe5 16. fxe5 Ne4 17. Nxe4 dxe4 18. Bxe4 Bxe4 19. Qxe4 Rxc4 20. e3 Qg5+ 21. Qg2 Qf5 22. Rfc1 Rec8 23. Rxc4 Rxc4 24. Rd1 Rc2 25. Qg3 h6 26. d5 Rc8 27. d6 Rd8 28. Rc1 Qe6 29. h3 a6 30. Rc7 b5 31. Re7 Qa2 32. d7 Qa1+ 33. Kg2 Kf8 34. Qh4 Qxa3 35. Rxf7+ Kxf7 36. Qxd8 Qb3 37. Qe8# 1-0

[Event "*** Titled Tuesday Blitz"]
[Site "Chess.com"]
[Date "2020.04.21"]
[Round "7"]
[White "czasnaszachy"]
[Black "Teidi96"]
[Result "0-1"]
[WhiteElo "2309"]
[BlackElo "2181"]
[TimeControl "180+1"]
[EndTime "11:21:34 PDT"]
[Termination "Teidi96 won by checkmate"]

1. d4 d5 2. c4 dxc4 3. e3 Nf6 4.
Bxc4 e6 5. Nf3 a6 6. O-O b5 7.
Bd3 Bb7 8. b3 Nbd7 9. Bb2 c5 10.
Ne5 cxd4 11. Bxd4 Nxe5 12. Bxe5 Qd5 13. Qf3 Qxe5 14. Qxb7 Rd8 15. Qc6+ Ke7 16. Be2 Qxa1 17. Nc3 Qb2 18. Qc7+ Ke8 19. Qc6+ Nd7 20. Rd1 Bb4 21. Bxb5 axb5 22. Nxb5 Qe2 23. Re1 Qxe1# 0-1

[Event "*** Titled Tuesday Blitz"]
[Site "Chess.com"]
[Date "2020.04.21"]
[Round "7"]
[White "Shazuli9878"]
[Black "GamayevOleg"]
[Result "1/2-1/2"]
[WhiteElo "2406"]
[BlackElo "2534"]
[TimeControl "180+1"]
[EndTime "11:21:35 PDT"]
[Termination "Game drawn by repetition"]

1. Nf3 d6 2. d4 Nf6 3. b3 Nbd7 4.
Bb2 c6 5. g3 Qc7 6. Bg2 e5 7.
O-O Be7 8. c4 exd4 9. Nxd4 Nb6 10. Nc3 O-O 11. Rc1 a5 12. e3 a4 13. Qc2 axb3 14. axb3 Re8 15. Rfd1 Bf8 16. Nce2 Nbd7 17. Nf4 Nc5 18. Nd3 Nxd3 19. Qxd3 Nd7 20. Qc2 Nc5 21. Ne2 Qb6 22. Nd4 Bg4 23. Rd2 Bh5 24. Bc3 Bg6 25. Qd1 Be4 26. b4 Na4 27. Bxe4 Rxe4 28. Qb3 Nxc3 29. Qxc3 g6 30. Ne2 Ree8 31. Qb3 Qa6 32.
Rb1 Qb6 33. b5 Qc7 34. bxc6 bxc6 35. Qb7 Qxb7 36. Rxb7 Ra4 37. Rc2 Re4 38. c5 dxc5 39. Rc7 Re6 40. Kg2 Ra6 41. Nf4 Re4 42. Rc8 Kg7 43. Nd3 c4 44. Nf4 h5 45. h4 Bd6 46.
Ne2 Be5 47. Nc3 Bxc3 48. Rxc3 Kf6 49. Rd8 Ra5 50. Rd6+ Re6 51. Rd4 Rc5 52. Kf3 Ke7 53.
Rdxc4 Rxc4 54. Rxc4 Kd6 55. Ke2 c5 56. Kd3 Kd5 57. Ra4 f5 58. f3 Rb6 59. Kc3 Re6 60. Kd3 Rb6 61. Kc3 Re6 62. Kd3 1/2-1/2

[Event "*** Titled Tuesday Blitz"]
[Site "Chess.com"]
[Date "2020.04.21"]
[Round "7"]
[White "ALEXJR20"]
[Black "Charlottemillard17"]
[Result "1-0"]
[WhiteElo "2221"]
[BlackElo "1385"]
[TimeControl "180+1"]
[EndTime "11:21:35 PDT"]
[Termination "ALEXJR20 won on time"]

1. d4 d5 2. c4 e6 3. Nf3 Nf6 4. g3 c6 5. Bg2 Be7 6. O-O O-O 7.
Qc2 Nbd7 8. Rd1 Re8 9. Nbd2 Nf8 10. e4 Ng6 11. e5 Nd7 12. Rb1 f6 13. exf6 Nxf6 14.
Re1 Bb4 15. Ne5 Nxe5 16. dxe5 Nd7 17. a3 Bc5 18. b4 Be7 19. Nf3 Rf8 20. Nd4 Nb6 21.
c5 Nc4 22. h4 g5 23. hxg5 Bxg5 24. a4 Bxc1 25. Rbxc1 Qg5 26. Qe2 Rf5 27. Nf3 Qh5 28. b5 Nxe5 29. Nxe5 Qxe2 30. Rxe2 cxb5 31. axb5 b6 32. c6 a6 33. Ra1 1-0

[Event "*** Titled Tuesday Blitz"]
[Site "Chess.com"]
[Date "2020.04.21"]
[Round "7"]
[White "Shant_Sargsyan"]
[Black "Beca95"]
[Result "1-0"]
[WhiteElo "3000"]
[BlackElo "2862"]
[TimeControl "180+1"]
[EndTime "11:21:36 PDT"]
[Termination "Shant_Sargsyan won by resignation"]

1. d4 Nf6 2. c4 e6 3. Nf3 c5 4. g3 cxd4 5. Nxd4 Bb4+ 6. Nc3 Ne4 7. Qc2 Nxc3 8. bxc3 Be7 9. Bg2 O-O 10. O-O a6 11. Rd1 d6 12. c5 Qc7 13. cxd6 Bxd6 14. Rb1 Nd7 15. c4 Rb8 16. Bb2 Nf6 17. Rbc1 Bc5 18. Nb3 Be7 19. Qd2 b6 20. Qf4 Qxf4 21. gxf4 Ng4 22.
h3 Bf6 23. Nd4 Nh6 24. Ba3 Re8 25. Bd6 Rb7 26. Bxb7 Bxb7 27. Rb1 Bd8 28. c5 bxc5 29. Rxb7 cxd4 30. Rxd4 Nf5 31. Rd3 Bf6 32. e4 Nxd6 33. Rxd6 e5 34. fxe5 Bxe5 35. Re7 1-0

[Event "*** Titled Tuesday Blitz"]
[Site "Chess.com"]
[Date "2020.04.21"]
[Round "7"]
[White "GOGIEFF"]
[Black "Anton_Demchenko"]
[Result "0-1"]
[WhiteElo "2954"]
[BlackElo "2860"]
[TimeControl "180+1"]
[EndTime "11:21:37 PDT"]
[Termination "Anton_Demchenko won by resignation"]

1. d4 Nf6 2. c4 d6 3. Nf3 Nc6 4. d5 Ne5 5. Nd4 c5 6. dxc6 Nxc6 7. Nc3 g6 8. g3 Bg7 9. Bg2 Bd7 10. Nc2 O-O 11. O-O a6 12. Rb1 Rb8 13. a4 Qa5 14.
Bd2 Qh5 15. b3 Bh3 16. e4 Ng4 17. f3 Bxg2 18. fxg4 Qh3 19. Rf2 Bxc3 20. Rxg2 Bxd2 21. Rxd2 f5 22. exf5 gxf5 23. Ne3 f4 24. Nd5 fxg3 25. hxg3 Qxg3+ 26. Rg2 Qh4 27. Qe1 Qg5 28. Qe6+ Kh8 29. Re1 Nd4 30. Qxe7 Nf3+ 0-1

[Event "*** Titled Tuesday Blitz"]
[Site "Chess.com"]
[Date "2020.04.21"]
[Round "7"]
[White "lifeissofun"]
[Black "dpruess"]
[Result "1/2-1/2"]
[WhiteElo "2279"]
[BlackElo "2442"]
[TimeControl "180+1"]
[EndTime "11:21:38 PDT"]
[Termination "Game drawn by repetition"]

1. e4 c5 2. Nf3 d6 3. d4 cxd4 4.
Nxd4 Nf6 5. Nc3 a6 6. h3 e6 7. g4 d5 8. exd5 Nxd5 9. Bg2 Nxc3 10. bxc3 Bc5 11. O-O O-O 12. Be3 Qc7 13. Rb1 Rd8 14. Qe2 Nd7 15. Rfd1 Nb6 16. Nc6 Rxd1+ 17. Rxd1 Bd7 18.
Nb4 Bb5 19. Qf3 Bxe3 20. Qxe3 Bc4 21. a3 h6 22. Qd4 Rc8 23. h4 a5 24. Nd3 Bd5 25. Bxd5 Nxd5 26. g5 Qxc3 27. Qg4 Rc4 28. Qg3 hxg5 29. hxg5 Qxc2 30. Rc1 Qb3 31. Qb8+ Kh7 32.
Qh2+ Kg8 33. Qb8+ Kh7 34. Qh2+ Kg8 35. Qb8+ 1/2-1/2

[Event "*** Titled Tuesday Blitz"]
[Site "Chess.com"]
[Date "2020.04.21"]
[Round "7"]
[White "ahappypawn"]
[Black "eldur16"]
[Result "1/2-1/2"]
[WhiteElo "2377"]
[BlackElo "2519"]
[TimeControl "180+1"]
[EndTime "11:21:39 PDT"]
[Termination "Game drawn by agreement"]

1. d4 Nf6 2. c4 e6 3. Nc3 d5 4. cxd5 exd5 5. Bg5 Nbd7 6. e3 c6 7. Bd3 Be7 8. Nge2 O-O 9. Qc2 Re8 10. O-O Nf8 11. Rab1 g6 12. b4 a6 13. a4 Ne6 14.
Bh4 Ng7 15. b5 axb5 16. axb5 Bf5 17. bxc6 bxc6 18. Rb7 Bxd3 19. Qxd3 Nf5 20. Bg5 Nd6 21. Rb3 Nfe4 22. Bxe7 Rxe7 23. f3 Nxc3 24. Rxc3 Nc4 25. e4 Rea7 26. Nf4 Qd6 27. exd5 cxd5 28. Nxd5 Qxd5 29.
Qxc4 Qg5 30. Rc2 Qe3+ 31. Kh1 Ra4 32. Qe2 Qxd4 33. Rd2 Qc3 34. Rfd1 h5 35. h3 h4 36. Qe7 Ra1 37. Rd8+ Rxd8 38. Qxd8+ Kg7 39. Rxa1 Qxa1+ 40. Kh2 Qe5+ 41. Kh1 g5 42. Qd2 Kg6 43. Qd3+ Kf6 44. Qd8+ Kg7 45. Qd2 Kf6 46. Kg1 1/2-1/2

[Event "*** Titled Tuesday Blitz"]
[Site "Chess.com"]
[Date "2020.04.21"]
[Round "7"]
[White "1f3_2g41-0"]
[Black "karinachess1"]
[Result "0-1"]
[WhiteElo "2188"]
[BlackElo "2471"]
[TimeControl "180+1"]
[EndTime "11:21:39 PDT"]
[Termination "karinachess1 won by resignation"]

1. e4 c5 2. Nf3 Nc6 3. Bb5 e6 4. O-O Nge7 5. d4 cxd4 6. Nxd4 a6 7. Be2 Nxd4 8. Qxd4 Nc6 9. Qd1 Be7 10. c4 O-O 11. Nc3 d6 12. Be3 Ne5 13. f4 Ng6 14. Bf3 Bd7 15. Qb3 b5 16. cxb5 axb5 17. Nxb5 Rb8 18.
a4 Qa5 19. Be2 Rfc8 20. Rac1 Bc6 21. Bd3 Qa8 22. Rfe1 Bxe4 23. Bxe4 Qxe4 24. Ba7 Rxc1 25. Rxc1 Rf8 26. g3 d5 27. Bd4 e5 28. fxe5 Nxe5 29. Qe3 Nf3+ 30. Kf2 Nxh2 31. Qxe4 dxe4 32. Ke3 Bg5+ 33. Kxe4 Bxc1 0-1

[Event "*** Titled Tuesday Blitz"]
[Site "Chess.com"]
[Date "2020.04.21"]
[Round "7"]
[White "DanilNajdin"]
[Black "yoolund"]
[Result "1-0"]
[WhiteElo "2403"]
[BlackElo "2541"]
[TimeControl "180+1"]
[EndTime "11:21:40 PDT"]
[Termination "DanilNajdin won by resignation"]

1. d4 Nf6 2. c4 g6 3. g3 Bg7 4.
Bg2 O-O 5. Nc3 d6 6. Nf3 Nc6 7. O-O Bf5 8. d5 Na5 9. Nd2 c5 10. e4 Bd7 11. Qc2 a6 12. b3 b5 13. Rb1 Rb8 14. Bb2 e5 15. Ne2 Qc8 16. Nc1 h5 17. Nd3 h4 18. Bc3 Nb7 19. f4 hxg3 20. hxg3 Ng4 21.
Rbe1 f6 22. Nf3 Qe8 23. Nh4 Nd8 24. Ba5 Nb7 25. Bc3 Nd8 26. Bh3 Kh7 27. f5 gxf5 28. Nxf5 Bxf5 29. Rxf5 Nh6 30. Qh2 Ndf7 31. Rh5 bxc4 32.
bxc4 Ng5 33. Bf5+ Kg8 34. Rf1 Qe7 35. Bd2 Rfe8 36. Bxg5 fxg5 37. Rxh6 Bxh6 38. Qxh6 Qg7 39. Be6+ 1-0